 Dungeon Crawl Stone Soup version 0.26-a0-249-g7253cd1 (webtiles) character file.

Game seed: 2839936754207556248

177 Balder the Sneak (level 5, -2/43 HPs)
             Began as a Gnoll Brigand on July 9, 2020.
             Slain by an iguana (8 damage)
             ... on level 4 of the Dungeon.
             The game lasted 00:12:35 (3084 turns).

Balder the Sneak (Gnoll Brigand)                    Turns: 3084, Time: 00:12:38

Health: -2/43      AC: 16    Str: 13 (14) XL:     5   Next: 57%
Magic:  0/6        EV:  3    Int: 11 (14) God:
Gold:   202        SH:  5    Dex: 15 (16) Spells: 7/7 levels left

rFire    . . .     SeeInvis .   b - +1 whip (flame)
rCold    . . .     Faith    .   p - +1 buckler {AC+3}
rNeg     . . .     Spirit   +   y - +0 plate armour
rPois    .         Reflect  .   s - +0 helmet
rElec    .         Harm     .   c - +0 cloak
rCorr    .                      (no gloves)
MR       .....                  v - +0 pair of boots
Stlth    ..........             g - amulet of guardian spirit
HPRegen  0.14/turn              (no ring)
MPRegen  0.10/turn              (no ring)

@: flying, slowed, very slow
A: distributed training, fangs 1, low mp 1, MP-powered wands, strong nose
a: no special abilities


You were on level 4 of the Dungeon.
You were not hungry.

You visited 1 branch of the dungeon, and saw 4 of its levels.

You collected 202 gold pieces.

Inventory:

Hand Weapons
 a - a +2 dagger
 b - a +1 whip of flaming (weapon)
Missiles
 d - 11 poisoned darts (quivered)
 e - 2 curare-tipped darts
Armour
 c - a +0 cloak (worn)
 p - a +1 buckler of protection (worn)
 s - a +0 helmet (worn)
 v - a +0 pair of boots (worn)
 y - a +0 plate armour (worn)
Jewellery
 g - an amulet of guardian spirit (around neck)
Scrolls
 h - a scroll of fog {unknown}
 i - a scroll of enchant weapon {unknown}
 j - a scroll of identify
 n - a scroll of enchant armour {unknown}
 r - 2 scrolls of remove curse
 t - a scroll of teleportation {unknown}
 u - a scroll of amnesia {unknown}
Potions
 l - a potion of might {unknown}
 o - 2 potions of flight
 x - a potion of lignification {unknown}
Comestibles
 f - 3 rations


   Skills:
 + Level 4.8 Fighting
 + Level 4.8 Short Blades
 + Level 1.5 Long Blades
 + Level 1.5 Axes
 + Level 1.5 Maces & Flails
 + Level 1.5 Polearms
 + Level 1.5 Staves
 + Level 1.5 Slings
 + Level 1.5 Bows
 + Level 1.5 Crossbows
 + Level 4.8 Throwing
 + Level 1.5 Armour
 + Level 3.0 Dodging
 + Level 7.9 Stealth
 + Level 1.5 Shields
 + Level 1.5 Unarmed Combat
 + Level 1.5 Spellcasting
 + Level 1.2 Conjurations
 + Level 1.2 Hexes
 + Level 1.2 Charms
 + Level 1.2 Summonings
 + Level 1.2 Necromancy
 + Level 1.2 Translocations
 + Level 1.2 Transmutations
 + Level 1.2 Fire Magic
 + Level 1.2 Ice Magic
 + Level 1.2 Air Magic
 + Level 1.2 Earth Magic
 + Level 1.2 Poison Magic
 + Level 1.7 Invocations
 + Level 1.5 Evocations


You had 7 spell levels left.
You didn't know any spells.
Your spell library contained the following spells:

 Spells                   Type           Power        Failure   Level
 Magic Dart               Conj           #...         100%        1
 Blink                    Tloc           N/A          100%        2
 Call Imp                 Summ           #.......     100%        2
 Slow                     Hex            #.......     100%        2
 Conjure Flame            Conj/Fire      #.......     100%        3
 Mephitic Cloud           Conj/Pois/Air  #.......     100%        3


Dungeon Overview and Level Annotations

Branches:
Dungeon (4/15)
 Temple: D:4-7

Altars:
Hepliaklqana
Okawaru


Innate Abilities, Weirdness & Mutations

Your experience applies equally to all skills.
You have very sharp teeth.
Your uncanny sense of smell can sniff out nearby items.
Your magical capacity is low. (-10% MP)
You expend magic power (3 MP) to strengthen your wands.


Message History

The orc hits you but does no damage.
Your plate armour prevents you from hitting the orc.
The orc hits you but does no damage.
The iguana bites you but does no damage.
The orc hits you but does no damage. You block the iguana's attack.
The orc hits you but does no damage.
You hit the iguana but do no damage.
The iguana is almost dead.
The orc hits you but does no damage.
The iguana bites you but does no damage.
You block the orc's attack. x2
The orc wizard casts a spell.
The orc wizard blinks!
You barely miss the iguana.
The iguana is almost dead.
The iguana bites you!
* * * LOW HITPOINT WARNING * * *
The orc hits you but does no damage. The orc barely misses you.
The iguana bites you!
You die...

####.# ###
##.##.## ###
#.####.####.####.#
#..#...####....(.#
....#....###....##
...####........##
.#.# ####.....# #
.#.#
##...######...#
##..
###.oo@l.....#
###.. #.oo#####...
... .....### ####
......# #......#
#.o..... #.......
...#..o


You could see an iguana, an orc wizard and 4 orcs.

Vanquished Creatures
  A worker ant (D:4)
  6 adders
  An ooze (D:2)
  2 adder zombies (D:1)
  2 worms (D:2)
  A dart slug (D:1)
  A leopard gecko (D:2)
  3 orcs (D:3)
  9 bats
  6 giant cockroaches
  8 goblins
  11 hobgoblins
  4 jackals (D:1)
  6 frilled lizards
  10 kobolds
  5 rats
76 creatures vanquished.

Notes
Turn   | Place    | Note
-------+----------+-------------------------------------------
     0 | D:1      | Balder the Gnoll Brigand began the quest for the Orb.
     0 | D:1      | Reached XP level 1. HP: 20/20 MP: 1/1
    74 | D:1      | Reached XP level 2. HP: 25/26 MP: 2/2
   346 | D:1      | Reached XP level 3. HP: 29/31 MP: 3/3
   882 | D:2      | Found a hazy altar of Hepliaklqana.
   905 | D:2      | Reached skill level 1 in Invocations
  1243 | D:2      | Reached skill level 1 in Long Blades
  1243 | D:2      | Reached skill level 1 in Axes
  1243 | D:2      | Reached skill level 1 in Maces & Flails
  1243 | D:2      | Reached skill level 1 in Polearms
  1243 | D:2      | Reached skill level 1 in Staves
  1243 | D:2      | Reached skill level 1 in Slings
  1243 | D:2      | Reached skill level 1 in Bows
  1243 | D:2      | Reached skill level 1 in Crossbows
  1243 | D:2      | Reached skill level 1 in Armour
  1243 | D:2      | Reached skill level 1 in Shields
  1243 | D:2      | Reached skill level 1 in Unarmed Combat
  1243 | D:2      | Reached skill level 1 in Spellcasting
  1243 | D:2      | Reached skill level 1 in Evocations
  1243 | D:2      | Reached XP level 4. HP: 32/38 MP: 5/5
  1698 | D:2      | Reached skill level 1 in Conjurations
  1698 | D:2      | Reached skill level 1 in Hexes
  1698 | D:2      | Reached skill level 1 in Charms
  1698 | D:2      | Reached skill level 1 in Summonings
  1698 | D:2      | Reached skill level 1 in Necromancy
  1698 | D:2      | Reached skill level 1 in Translocations
  1698 | D:2      | Reached skill level 1 in Transmutations
  1698 | D:2      | Reached skill level 1 in Fire Magic
  1698 | D:2      | Reached skill level 1 in Ice Magic
  1698 | D:2      | Reached skill level 1 in Air Magic
  1698 | D:2      | Reached skill level 1 in Earth Magic
  1698 | D:2      | Reached skill level 1 in Poison Magic
  2080 | D:3      | Reached XP level 5. HP: 43/43 MP: 6/6
  2271 | D:3      | Found a faded altar of an unknown god.
  2511 | D:3      | Found an iron altar of Okawaru.
  3072 | D:4      | Gained mutation: You have large cloven feet. [potion of
                  | mutation]
  3072 | D:4      | Gained mutation: You tend to lose your temper in combat.
                  | [potion of mutation]
  3072 | D:4      | Gained mutation: You have hoof-like feet. [potion of
                  | mutation]
  3072 | D:4      | Lost mutation: You tend to lose your temper in combat.
                  | [potion of mutation]
  3081 | D:4      | Lost mutation: You have hoof-like feet. [potion of
                  | mutation]
  3081 | D:4      | Lost mutation: You have large cloven feet. [potion of
                  | mutation]
  3081 | D:4      | Gained mutation: Your magical capacity is low. (-10% MP)
                  | [potion of mutation]
  3081 | D:4      | Gained mutation: You expend magic power (3 MP) to
                  | strengthen your wands. [potion of mutation]
  3084 | D:4      | Slain by an iguana

Illustrated notes

Levels and vault maps discovered:
D:1:      saegor_arrival_fortress, layout_basic
D:2:      layout_loops_ring, lemuel_crystal_altar, kennysheep_generic_room_16
D:3:      layout_rooms, nicolae_overflow_hidden_temple,
          chequers_ecumenical_altar_twisty
D:4:      layout_layer_cave, kennysheep_little_box, first_ration,
          kennysheep_another_room, minmay_misc_feat_five, chequers_mini_garden

Skill      XL: |  1  2  3  4  5 |
---------------+----------------+-----
Invocations    | 1 |  1.7
Long Blades    | 1 |  1.5
Axes           | 1 |  1.5
Maces & Flails | 1 |  1.5
Polearms       | 1 |  1.5
Staves         | 1 |  1.5
Slings         | 1 |  1.5
Bows           | 1 |  1.5
Crossbows      | 1 |  1.5
Armour         | 1 |  1.5
Shields        | 1 |  1.5
Unarmed Combat | 1 |  1.5
Spellcasting   | 1 |  1.5
Evocations     | 1 |  1.5
Conjurations   | 1 |  1.2
Hexes          | 1 |  1.2
Charms         | 1 |  1.2
Summonings     | 1 |  1.2
Necromancy     | 1 |  1.2
Translocations | 1 |  1.2
Transmutations | 1 |  1.2
Fire Magic     | 1 |  1.2
Ice Magic      | 1 |  1.2
Air Magic      | 1 |  1.2
Earth Magic    | 1 |  1.2
Poison Magic   | 1 |  1.2
Dodging        | 3 |  3.0
Fighting       | |  4.8
Short Blades   | |  4.8
Throwing       | |  4.8
Stealth        | |  7.9

Action                   |  1- 3 |  4- 6 || total
-------------------------+-------+-------++-------
Melee: Dagger            |   121 |    42 ||   163
       Bite              |    12 |    16 ||    28
       Whip              |       |   118 ||   118
Throw: Dart              |     5 |     1 ||     6
  Use: Potion            |       |     4 ||     4
       Scroll            |       |     2 ||     2
 Stab: Sleeping          |     5 |     9 ||    14
  Eat: Ration            |     1 |     1 ||     2
Armor: Robe              |    16 |       ||    16
       Scale mail        |    15 |    56 ||    71
       Plate armour      |       |    41 ||    41
Dodge: Dodged            |    70 |    59 ||   129
Block: Buckler           |       |    41 ||    41

Table legend:
 A = Non-vault XP
 B = Vault XP
 C = Vault XP percentage of total XP
 D = Non-vault monster count
 E = Vault monster count
 F = Vault count percentage of total count
                 A         B        C        D         E       F
            +---------+---------+-------+---------+---------+-------
      Total |     243 |      11 |   4.3 |      74 |       2 |   2.6
            +---------+---------+-------+---------+---------+-------
        D:1 |      43 |      11 |  20.4 |      25 |       2 |   7.4
        D:2 |     105 |       0 |   0.0 |      27 |       0 |   0.0
        D:3 |      50 |       0 |   0.0 |      20 |       0 |   0.0
        D:4 |      45 |       0 |   0.0 |       2 |       0 |   0.0
            +---------+---------+-------+---------+---------+-------
